 Dungeon Crawl Stone Soup version 0.31-a0-1570-g93c622d (webtiles) character file.

Game seed: 2229156565803863446

2174 Dorkslayer the Chopper (level 9, -1/88 HPs)
             Began as an Oni Shapeshifter on Jan 3, 2024.
             Was an Initiate of Gozag.
             Slain by an orc warrior
             ... wielding a +0 halberd
              (15 damage)
             ... on level 8 of the Dungeon.
             The game lasted 00:17:56 (7054 turns).

Dorkslayer the Chopper (Oni Shapeshifter)           Turns: 7054, Time: 00:17:58

Health: -1/88      AC:  4    Str: 20    XL:     9   Next: 32%
Magic:  9/9        EV:  9    Int: 11    God:    Gozag
Gold:   626        SH:  0    Dex: 12    Spells: 8/8 levels left

rFire   . . .        g - +0 broad axe (flame)
rCold   . . .        D - +0 kite shield
rNeg    . . .        a - +1 animal skin
rPois   .            (helmet currently unavailable)
rElec   .            (cloak currently unavailable)
rCorr   +            (gloves unavailable)
SInv    .            (boots unavailable)
Will    .....        q - amulet of reflection
Stlth   +            w - ring of flight
HPRegen 0.34/turn    o - ring of resist corrosion
MPRegen 0.11/turn

%: reflection
@: confused, beast-form, ambrosia-drunk, flying
A: beast (slay +2), large, unfitting armour, horns 1, tough skin 1, double
potion healing, drunken brawling
a: Begin Untransformation, Renounce Religion, Potion Petition, Call Merchant,
Bribe Branch


You were on level 8 of the Dungeon.
You worshipped Gozag.
Gozag was pleased with you.
You were a hulking beast.
You visited 2 branches of the dungeon, and saw 9 of its levels.
You also visited: Sewer.

You collected 886 gold pieces.
You spent 189 gold pieces at shops.
You paid 71 gold pieces to Gozag.

Inventory:

Hand Weapons
 g - a +0 broad axe of flaming (weapon)
Missiles
 e - a throwing net
 f - 3 large rocks (quivered)
 k - 2 javelins
Armour
 a - a +1 animal skin (worn)
 l - a +2 cloak
 D - a +0 kite shield (worn)
Jewellery
 o - a ring of resist corrosion (right hand)
 q - an amulet of reflection (around neck)
 w - a ring of flight (left hand)
Talismans
 c - a beast talisman
 d - a flux talisman
Wands
 B - a wand of charming (6)
Scrolls
 p - 2 scrolls of teleportation
 r - 2 scrolls of poison
 s - 3 scrolls of fear
 t - 5 scrolls of enchant armour
 v - a scroll of fog
 y - 3 scrolls of blinking
Potions
 j - a potion of might
 m - a potion of enlightenment {unknown}
 n - 3 potions of mutation
 u - a potion of berserk rage {unknown}
 C - 2 potions of resistance


   Skills:
 + Level 5.0 Fighting
 - Level 0.5 Short Blades
 + Level 6.6 Axes
 + Level 3.9 Throwing
 * Level 4.7 Dodging
 + Level 1.7 Stealth
 * Level 2.7 Shields
 + Level 3.0 Unarmed Combat
 * Level 2.3 Evocations
 + Level 4.1 Shapeshifting


You had 8 spell levels left.
You didn't know any spells.
Your spell library contained the following spells:

 Spells                   Type           Power      Damage    Failure   Level
 Kiss of Death            Conj/Necr      0%         2d5       65%         1
 Sting                    Conj/Alch      0%         1d3       65%         1
 Jinxbite                 Hex            0%         N/A       80%         2
 Mercury Vapours          Alch/Air       0%         N/A       80%         2
 Call Canine Familiar     Summ           0%         N/A       95%         3
 Confusing Touch          Hex            0%         N/A       95%         3
 Sigil of Binding         Hex            0%         N/A       95%         3
 Brom's Barrelling Bould  Conj/Erth      0%         2d3       100%        4
 Dimensional Bullseye     Hex/Tloc       0%         N/A       100%        4
 Dispel Undead            Necr           0%         3d6       100%        4
 Olgreb's Toxic Radiance  Alch           0%         N/A       100%        4
 Fireball                 Conj/Fire      0%         3d3       100%        5
 Iskenderun's Battlesphe  Conj           0%         2d6       100%        5
 Yara's Violent Unravell  Hex/Alch       0%         3d3       100%        5
 Conjure Ball Lightning   Conj/Air       0%         3x3d6     100%        6
 Enfeeble                 Hex            0%         N/A       100%        7
 Orb of Destruction       Conj           0%         9d5       100%        7


Dungeon Overview and Level Annotations

Branches:
Dungeon (8/15)             Temple (1/1) D:5           Sewer (visited)
   Lair: D:8-11

Altars:
Ashenzari
Dithmenos
Elyvilon
Gozag
Hepliaklqana
Kikubaaqudgha
Makhleb
Okawaru
Sif Muna
Uskayaw
Vehumet
Wu Jian
Xom
Yredelemnul
Zin
The Shining One

Shops:
D:3 :?   D:6 =


Innate Abilities, Weirdness & Mutations

You are a hulking beast.
Your limbs bulge with bestial killing power. (Slay +2)
You are too large for most types of armour.
You have a pair of small horns on your head.
You have tough skin. (AC +1)
You gain doubled healing and magic from potions.
Whenever you drink a healing potion, you attack all around you.


Message History

The bullfrog barely misses you. You block the bullfrog's attack.
You slash the bullfrog! You burn the bullfrog.
You kill the bullfrog!
Your Fighting skill increases to level 5!
You miss something. Your headbutt misses something.
Something hits you but does no damage.
You hit something. You burn something. You block something's attack. x2
You miss something. Your headbutt misses something.
Something hits you but does no damage.
You miss something. You block something's attack.
You closely miss something. Your headbutt misses something.
Something hits you but does no damage. Something hits you.
You barely miss something. Something hits you.
The orc warrior hits you from afar with a +0 halberd!!
You closely miss something. You headbutt something.
Reactivating autopickup.
You feel a bit more experienced. You block the orc warrior's attack. x2
The orc warrior closely misses you.
Items here: $ )) [[.
You closely miss the orc warrior.
The orc is distracted by your dazzling golden aura.
The orc warrior hits you with a +0 halberd!
The orc shouts!
You closely miss the orc warrior.
The orc is no longer distracted by gold.
The orc warrior hits you with a +0 halberd!
* * * LOW HITPOINT WARNING * * *
You closely miss the orc warrior. You headbutt the orc warrior.
The orc warrior is lightly wounded.
The orc warrior hits you with a +0 halberd!
* * * LOW HITPOINT WARNING * * *
You block the orc warrior's attack.
You take a swig of the potion and twirl your +0 broad axe of flaming.
You hit the orc warrior but do no damage.
The orc warrior is lightly wounded.
You are confused.
You savour every drop.
You feel invigorated.
The orc warrior hits you with a +0 halberd!
You die...
Your body crumbles into a pile of gold.

###......# #.#
.......#.# #.#
###.##.#.# #.#
#.##.#.#######.#
.
#.##..<........#
.
#.####.#######.#
##.# #.# #.# ...
#.# #.# #.. ..#
#h# ..# #o# ..#
#o# .... .o# #..
###


You could see an orc warrior and 2 orcs.

Vanquished Creatures
  A steam dragon (D:6)
  A water moccasin (D:7)
  3 sky beasts
  An ice beast (D:7)
  A black bear (D:6)
  2 phantoms
  4 bullfrogs
  3 scorpions
  3 killer bees (D:8)
  2 hounds
  2 orc priests
  A jelly (D:4)
  2 sleepcaps (D:7)
  A gnoll bouda (D:6)
  4 iguanas
  3 orc wizards
  5 gnolls (D:6)
  11 adders
  A river rat (D:6)
  A shadow imp (D:3)
  6 ufetubi (D:6)
  The ghost of kasel the Shield-Bearer, a weakling FoFi (D:5)
  9 dart slugs
  2 ribbon worms
  22 orcs
  15 ball pythons
  3 endoplasms
  15 giant cockroaches
  8 goblins
  12 hobgoblins
  4 quokkas
  5 bats
  6 frilled lizards
  8 kobolds
  5 rats
173 creatures vanquished.

Notes
Turn   | Place    | Note
-------+----------+-------------------------------------------
     0 | D:1      | Dorkslayer the Oni Shapeshifter began the quest for the
                  | Orb.
     0 | D:1      | Reached XP level 1. HP: 19/19 MP: 1/1
   281 | D:1      | You fall into a shaft and drop 1 floor!
   304 | D:2      | Reached XP level 2. HP: 27/27 MP: 2/2
   559 | D:2      | Found a hide-covered altar of Uskayaw.
   602 | D:2      | Found a faded altar of an unknown god.
   606 | D:2      | Reached XP level 3. HP: 33/33 MP: 3/3
  1367 | D:2      | Identified a scroll of acquirement
  1367 | D:2      | Acquired a +0 broad axe of flaming
  1611 | D:2      | Reached skill level 1 in Throwing
  1611 | D:2      | Reached XP level 4. HP: 42/42 MP: 4/4
  1690 | D:3      | Found Tiozowar's Magic Scroll Boutique.
  1847 | D:3      | Reached skill level 1 in Axes
  2149 | D:3      | Found Edum's Book Boutique.
  2452 | D:4      | Reached XP level 5. HP: 46/49 MP: 5/5
  2469 | D:4      | Reached skill level 2 in Axes
  2613 | D:4      | Reached XP level 6. HP: 59/59 MP: 6/6
  3075 | D:4      | Reached skill level 3 in Axes
  3302 | D:5      | Entered Level 5 of the Dungeon
  3305 | D:5      | Found a shadowy altar of Dithmenos.
  3604 | D:5      | Reached XP level 7. HP: 51/67 MP: 7/7
  3730 | D:5      | Found a staircase to the Ecumenical Temple.
  3745 | Temple   | Entered the Ecumenical Temple
  3772 | Temple   | Became a worshipper of Gozag Ym Sagoz the Greedy
  3866 | D:5      | Found a broken altar of Ashenzari.
  3933 | D:5      | Reached skill level 4 in Axes
  4124 | D:5      | Found a runed translucent door.
  4128 | D:5      | Noticed kasel's ghost (weakling FoFi)
  4145 | D:5      | Killed kasel's ghost
  4323 | D:6      | Found a glowing drain.
  4341 | Sewer    | Entered a sewer
  4487 | Sewer    | Reached XP level 8. HP: 66/76 MP: 8/8
  4653 | D:6      | Reached skill level 5 in Axes
  4653 | D:6      | Reached skill level 1 in Stealth
  4867 | D:6      | Found a hide-covered altar of Uskayaw.
  4870 | D:6      | Found a white marble altar of Elyvilon.
  4871 | D:6      | Found a shimmering altar of Xom.
  4879 | D:6      | Found a basalt altar of Yredelemnul.
  5361 | D:6      | Found Wyotacho's Jewellery Emporium.
  5903 | D:3      | Bought a scroll of enchant armour for 105 gold pieces
  5903 | D:3      | Bought a scroll of identify for 28 gold pieces
  5903 | D:3      | Bought a scroll of identify for 28 gold pieces
  5903 | D:3      | Bought a scroll of identify for 28 gold pieces
  5998 | D:7      | Reached skill level 1 in Shields
  5999 | D:7      | Reached skill level 1 in Evocations
  6066 | D:7      | Reached skill level 6 in Axes
  6321 | D:7      | Reached XP level 9. HP: 81/85 MP: 9/9
  7043 | D:8      | Reached skill level 5 in Fighting
  7054 | D:8      | Slain by an orc warrior

Illustrated notes

Levels and vault maps discovered:
D:1:      ncdulo_lavacross, layout_basic
D:2:      minmay_skewed_foursquare, layout_basic,
          ebering_ecumenical_altar_abandoned, basic_altar,
          hangedman_abyss_or_decor_stabs, minmay_misc_feat_doors
D:3:      layout_basic, serial_shops, shop, shop, serial_aquarium,
          aquarium_bridge_square [aquarium_subvault_bridge,
          aquarium_subvault_window, aquarium_subvault_bridge,
          aquarium_subvault_wall], aquarium_bridge_island_small
          [aquarium_subvault_small_open, aquarium_subvault_bridge,
          aquarium_subvault_window, aquarium_subvault_bridge,
          aquarium_subvault_wall], aquarium_window_3, aquarium_window_1,
          aquarium_window_fake, aquarium_view_4, aquarium_pool_five,
          minmay_fractal_squares_diagonal_5
D:4:      layout_layer_cave, minmay_door_square
D:5:      layout_loops_cross, kennysheep_mini, nicolae_dithmenos_the_darkroom,
          minmay_temple_entry_offerings, ebering_ghost_sewer_d,
          dreamdust_mushroom_princess, wad_floor_pattern_2
D:6:      layout_cave_pods, nicolae_overflow_macrodata_refinement, serial_shops,
          nicolae_shop_just_a_little_nook, portal_sewer_entry_a, sigmund_army
D:7:      layout_layer_cave
D:8:      cheibrodos_two_vegetables, layout_loops_ring,
          gammafunk_ghost_necromancy, special_room [special_room_orc],
          amcnicky_mini_rare_corridor_liquid, nicolae_lava_and_water,
          dk_vineyard_3
Temple:   dpeg_chambers_temple

Skill      XL: |  1  2  3  4  5  6  7  8  9 |
---------------+----------------------------+-----
Unarmed Combat | 3 |  3.0
Dodging        | 2 3 4 |  4.7
Throwing       | 1 2 3 |  3.9
Axes           | 1 2 3 4 6 |  6.6
Fighting       | 2 3 4 5 |  5.0
Stealth        | 1 |  1.7
Shapeshifting  | 4 |  4.1
Shields        | 1 2 |  2.7
Evocations     | 1 2 |  2.3
Short Blades   | |  0.5

Action                     |  1- 3 |  4- 6 |  7- 9 || total
---------------------------+-------+-------+-------++-------
  Melee: Hand axe          |    43 |       |       ||    43
         Short sword       |    49 |       |       ||    49
         Headbutt          |    10 |    23 |    36 ||    69
         Punch             |     2 |     3 |     4 ||     9
         Broad axe         |     2 |   121 |   204 ||   327
  Throw: Large rock        |     4 |     2 |     1 ||     7
    Use: Scroll            |     2 |     3 |    12 ||    17
         Potion            |       |     1 |     2 ||     3
   Stab: Distracted        |       |       |     3 ||     3
         Sleeping          |       |       |     1 ||     1
 Armour: Animal skin       |    55 |    86 |   185 ||   326
  Dodge: Dodged            |    46 |    70 |   122 ||   238
  Block: Other             |       |    19 |    35 ||    54
         Reflection        |       |       |     4 ||     4
         Kite shield       |       |       |    74 ||    74

Table legend: (Time is in decaauts)
 A = Elapsed time spent in this place.
 B = Non-inter-level travel time spent in this place.
 C = Inter-level travel time spent in this place.
 D = Time resting spent in this place.
 E = Time spent auto-exploring this place.
 F = Levels seen in this place.
 G = Mean time per level.
                   A        B        C        D        E       F      G
               +--------+--------+--------+--------+--------+-----+--------+
         Total |   7212 |   7036 |    176 |    191 |   4284 |  10 |  721.2 |
       Dungeon |   6853 |   6677 |    176 |    191 |   4216 |   8 |  856.6 |
        Temple |     54 |     54 |      0 |      0 |      0 |   1 |   54.0 |
         Sewer |    304 |    304 |      0 |      0 |     68 |   1 |  304.0 |
               +--------+--------+--------+--------+--------+-----+--------+

Top non-repeatable levels by time:
     D:6: 1365 daAuts
     D:5: 961 daAuts
     D:1: 959 daAuts
     D:4: 900 daAuts
     D:7: 899 daAuts
     D:3: 853 daAuts
     D:2: 711 daAuts
   Sewer: 304 daAuts
     D:8: 202 daAuts
  Temple: 54 daAuts
